 Dungeon Sprint DCSS version 0.21-a0-286-g6fcecc0 (webtiles) character file.

1689 potatolord6000 the Thaumaturge (level 8, -5/41 HPs)
             Began as a Deep Elf Conjurer on Sept 27, 2017.
             Was a High Priest of Sif Muna.
             Slain by a snapping turtle (24 damage)
             ... in the Dungeon (Sprint VII: "The Pits").
             The game lasted 00:10:02 (1119 turns).

potatolord6000 the Thaumaturge (Deep Elf Conjurer)  Turns: 1119, Time: 00:10:03

Health: -5/41      AC:  4    Str:  8    XL:     8   Next: 72%
Magic:  6/25       EV: 19    Int: 26    God:    Sif Muna [*****.]
Gold:   0          SH:  0    Dex: 15    Spells: 18/30 levels left

rFire    . . .     SeeInvis .   p - staff of energy
rCold    . . .     Gourm    .   (no shield)
rNeg     . . .     Faith    .   a - +0 robe
rPois    .         Spirit   .   t - +0 helmet
rElec    .         Reflect  .   (no cloak)
rCorr    .         Harm     .   u - +0 pair of gloves
MR       .....     NoTele   +   (no boots)
Stlth    ++........             (no amulet)
HPRegen  0.13/turn              i - +3 ring of intelligence
MPRegen  0.19/turn              q - +3 ring of strength

@: very slightly contaminated
A: no striking features
a: Divine Energy, Channel Magic, Forget Spell, Renounce Religion


You were in the Dungeon.
You worshipped Sif Muna.
Sif Muna was extremely pleased with you.
You were full.

You visited 1 branch

Inventory:

Armour
 a - a +0 robe (worn)
 t - a +0 helmet (worn)
 u - a +0 pair of gloves (worn)
Magical Staves
 p - an uncursed staff of energy (weapon)
Jewellery
 i - a +3 ring of intelligence (left hand)
 q - a +3 ring of strength (right hand)
Scrolls
 k - 3 scrolls of remove curse
 l - 4 scrolls of amnesia
Potions
 d - 6 potions of curing
 g - a potion of magic
 h - 7 potions of berserk rage
 j - 2 potions of invisibility
 r - a potion of haste
 s - 2 potions of agility
Books
 b - a book of Conjurations

   Spells                             Type                      Level
   a - Magic Dart                     Conjuration                  1
   b - Searing Ray                    Conjuration                  2
   c - Dazzling Spray                 Conjuration/Hexes            3
   d - Fulminant Prism                Conjuration/Hexes            4
   e - Force Lance                    Conjuration/Translocation    4
   f - Iskenderun's Mystic Blast      Conjuration                  4
 f - a book of Minor Magic

   Spells                             Type                      Level
   a - Magic Dart                     Conjuration                  1
   b - Blink                          Translocation                2
   c - Call Imp                       Summoning                    2
   d - Slow                           Hexes                        2
   e - Conjure Flame                  Conjuration/Fire             3
   f - Mephitic Cloud                 Conjuration/Poison/Air       3
Comestibles
 c - 8 bread rations
 n - 40 fruits
 o - 6 meat rations


   Skills:
 + Level 8.8 Staves
 + Level 10.8 Dodging
 - Level 2.4 Stealth
 + Level 11.6 Spellcasting
 + Level 10.6 Conjurations
 + Level 9.5 Evocations


You had 18 spell levels left.
You knew the following spells:

 Your Spells              Type           Power        Failure   Level  Hunger
a - Iskenderun's Mystic   Conj           ######..     1%          4    None
b - Searing Ray           Conj           ######       1%          2    None
c - Force Lance           Conj/Tloc      #####...     4%          4    None
d - Call Imp              Summ           ###.....     6%          2    None


Dungeon Overview and Level Annotations

Branches:
Dungeon (1/1)

Altars:
Ashenzari
Cheibriados
Dithmenos
Elyvilon
Fedhas
Gozag
Hepliaklqana
Kikubaaqudgha
Makhleb
Nemelex Xobeh
Okawaru
Qazlal
Ru
Sif Muna
Trog
Uskayaw
Vehumet
Wu Jian
Xom
Yredelemnul
Zin
The Shining One
Beogh
Jiyva
Lugonu


Message History

Aiming: Force Lance
Press: ? - help, Shift-Dir - straight line, f/p - snapping turtle
Aim: a snapping turtle (lightly wounded)
The lance of force hits the snapping turtle.
The snapping turtle is lightly wounded.
The snapping turtle is knocked back by the lance of force.
The snapping turtle collides with the vampire mosquito!
Your small abomination barely misses the snapping turtle.
Unknown command.
Casting: Force Lance
Confirm with . or Enter, or press ? or * to list all spells.
Aiming: Force Lance
Press: ? - help, Shift-Dir - straight line, f/p - snapping turtle
Aim: a snapping turtle (lightly wounded)
The lance of force hits the vampire mosquito.
You destroy the vampire mosquito!
Sif Muna accepts your kill.
The snapping turtle bites you from afar!!
Ouch! That really hurt!
You die...

# # ###########++######
## ##................#
..#
##......#..#......##..#
##................++..#
.'................++..#
##......#..#.x....##.....
##............t†@.# ...
#####'#####''###### #
##.......##''#####
##.......##......#
##.......##......#
##...<...###....##
##.......# ##''##
##.......# ....#
##.......# ......#


You could see a snapping turtle and a friendly small abomination.

Vanquished Creatures
  An elephant (D)
  A smoke demon (D)
  2 vampire mosquitoes (D)
  A water moccasin (D)
  A floating eye (D)
  A porcupine (D)
  A necrophage (D)
  2 centaurs (D)
  A gnoll sergeant (D)
  A crimson imp (D)
  A quasit (D)
  An iguana (D)
  2 worker ants (D)
  5 gnolls (D)
  A white imp (D)
  An ufetubus (D)
  A leopard gecko (D)
  2 ball pythons (D)
  A giant cockroach (D)
  A hobgoblin (D)
  A bat (D)
  2 rats (D)
31 creatures vanquished.

Vanquished Creatures (collateral kills)
  A ball python (D)
1 creature vanquished.

Grand Total: 32 creatures vanquished

Notes
Turn   | Place    | Note
-------+----------+-------------------------------------------
     0 | D        | potatolord6000 the Deep Elf Conjurer began the quest for the Orb.
     0 | D        | Reached XP level 1. HP: 10/10 MP: 6/6
    56 | D        | Found a bloodstained altar of Trog.
    56 | D        | Found a deep blue altar of Sif Muna.
    56 | D        | Found a viscous altar of Jiyva.
    56 | D        | Found a hazy altar of Hepliaklqana.
    56 | D        | Found an opulent altar of Gozag.
    57 | D        | Found a glowing golden altar of the Shining One.
    57 | D        | Found a glowing silver altar of Zin.
    57 | D        | Found a basalt altar of Yredelemnul.
    57 | D        | Found a shimmering altar of Xom.
    57 | D        | Found an ornate altar of the Wu Jian Council.
    57 | D        | Found a sacrificial altar of Ru.
    57 | D        | Found a stormy altar of Qazlal.
    57 | D        | Found an iron altar of Okawaru.
    57 | D        | Found a sparkling altar of Nemelex Xobeh.
    57 | D        | Found a burning altar of Makhleb.
    57 | D        | Found a blossoming altar of Fedhas.
    57 | D        | Found a white marble altar of Elyvilon.
    57 | D        | Found a shadowy altar of Dithmenos.
    57 | D        | Found a snail-covered altar of Cheibriados.
    59 | D        | Found a radiant altar of Vehumet.
    59 | D        | Found a corrupted altar of Lugonu.
    59 | D        | Found a roughly hewn altar of Beogh.
    61 | D        | Found an ancient bone altar of Kikubaaqudgha.
    61 | D        | Found a hide-covered altar of Uskayaw.
    61 | D        | Found a shattered altar of Ashenzari.
    62 | D        | Became a worshipper of Sif Muna the Loreminder
    73 | D        | Noticed a worker ant
    73 | D        | Noticed a floating eye
    75 | D        | Paralysed by a floating eye for 4 turns
    83 | D        | Killed a floating eye
    83 | D        | Reached * piety under Sif Muna
    83 | D        | Reached skill level 5 in Dodging
    83 | D        | Reached skill level 6 in Spellcasting
    83 | D        | Reached XP level 2. HP: 15/15 MP: 7/11
    83 | D        | Reached XP level 3. HP: 19/19 MP: 7/12
    83 | D        | Reached XP level 4. HP: 24/24 MP: 8/14
   136 | D        | Learned a level 2 spell: Searing Ray
   142 | D        | Learned a level 4 spell: Iskenderun's Mystic Blast
   147 | D        | Learned a level 4 spell: Force Lance
   185 | D        | Reached XP level 5. HP: 16/28 MP: 6/16
   371 | D        | Reached ** piety under Sif Muna
   377 | D        | Reached skill level 7 in Spellcasting
   377 | D        | Reached skill level 5 in Evocations
   380 | D        | Noticed a centaur
   386 | D        | HP: 1/28 [centaur/arrow (12)]
   391 | D        | Killed a centaur
   391 | D        | Reached skill level 5 in Staves
   391 | D        | Reached XP level 6. HP: 30/32 MP: 0/18
   397 | D        | Reached skill level 8 in Spellcasting
   410 | D        | Reached *** piety under Sif Muna
   648 | D        | Noticed a smoke demon
   653 | D        | Killed a smoke demon
   653 | D        | Reached **** piety under Sif Muna
   653 | D        | Reached skill level 10 in Spellcasting
   653 | D        | Reached XP level 7. HP: 23/36 MP: 9/22
   768 | D        | Reached XP level 8. HP: 38/41 MP: 13/24
   826 | D        | Noticed an elephant
   830 | D        | Reached skill level 10 in Dodging
   833 | D        | Killed an elephant
   833 | D        | Reached ***** piety under Sif Muna
   833 | D        | Received a gift from Sif Muna
   833 | D        | Reached skill level 11 in Spellcasting
   833 | D        | Reached skill level 10 in Conjurations
   842 | D        | Learned a level 2 spell: Call Imp
  1093 | D        | Noticed a snapping turtle
  1119 | D        | Slain by a snapping turtle

Vault maps used:
D:        pitsprint

Skill      XL: |  1  2  3  4  5  6  7  8 |
---------------+-------------------------+-----
Staves         | 3 4 5 7 8 |  8.8
Dodging        | 5 7 9 10 | 10.8
Spellcasting   | 6 7 10 11 | 11.6
Conjurations   | 6 7 9 10 | 10.6
Evocations     | 4 5 7 8 9 |  9.5
Stealth        | |  2.4

Action                   |  1- 3 |  4- 6 |  7- 9 || total
-------------------------+-------+-------+-------++-------
Melee: Staff             |     4 |    12 |     1 ||    17
 Cast: Magic Dart        |     2 |       |       ||     2
       Searing Ray       |       |    11 |     4 ||    15
       Iskenderun's Myst |       |     7 |     3 ||    10
       Force Lance       |       |     3 |     8 ||    11
       Call Imp          |       |       |     3 ||     3
Evoke: Staff of energy   |       |     2 |     2 ||     4
  Use: Potion            |     2 |     7 |     3 ||    12
       Scroll            |       |     2 |     1 ||     3
  Eat: Meat ration       |       |       |     1 ||     1
Armor: Robe              |     2 |     1 |     3 ||     6
Dodge: Dodged            |     4 |    22 |    35 ||    61

Table legend:
 A = Spawn XP
 B = Non-spawn XP
 C = Spawn XP percentage of total XP
 D = Spawn monster count
 E = Non-spawn monster count
 F = Spawn count percentage of total count
 G = Total turns spent on level
                    A         B        C        D         E        F      G
               +---------+---------+-------+---------+---------+-------+---------
         Total |       0 |    2414 |   0.0 |       0 |      32 |   0.0 |  1119
               +---------+---------+-------+---------+---------+-------+---------
             D |       0 |    2414 |   0.0 |       0 |      32 |   0.0 |  1119
               +---------+---------+-------+---------+---------+-------+---------
